 Dungeon Crawl Stone Soup version 0.23.0 (webtiles) character file.

Game seed: 16677859368526331966

4162 theswoord the Basher (level 10, -2/94 HPs)
             Began as a Naga Berserker on Feb 10, 2019.
             Was an Elder of Trog.
             Slain by a white ugly thing (45 damage)
             ... on level 8 of the Dungeon on Feb 11, 2019.
             The game lasted 00:15:54 (8259 turns).

theswoord the Basher (Naga Berserker)               Turns: 8259, Time: 00:15:54

Health: -2/94      AC: 10    Str: 20    XL:     10   Next: 28%
Magic:  10/10      EV:  7    Int:  7    God:    Trog [****..]
Gold:   398        SH:  0    Dex: 14    Spells: 9/9 levels left

rFire    + + .     SeeInvis +   l - +1 whip
rCold    x . .     Gourm    .   (no shield)
rNeg     . . .     Faith    .   u - +1 fire dragon scales
rPois    +         Spirit   .   d - +0 helmet
rElec    .         Reflect  .   (no cloak)
rCorr    .         Harm     .   s - +0 pair of gloves
MR       +....                  (no barding)
Stlth    ++........             (no amulet)
HPRegen  0.25/turn              j - ring of see invisible
MPRegen  0.12/turn              (no ring)

@: berserk cooldown, hasted and slowed, lightly drained, very slow
A: large, see invisible, deformed body, poison resistance, slowness 2, slow
metabolism 1, spit poison 1, AC +3
a: Spit Poison, Berserk, Trog's Hand, Brothers in Arms, Renounce Religion


You were on level 8 of the Dungeon.
You worshipped Trog.
Trog was greatly pleased with you.
You were hungry.

You visited 1 branch of the dungeon, and saw 8 of its levels.

You collected 398 gold pieces.

Inventory:

Hand Weapons
 a - a +0 mace
 l - a +1 whip (weapon)
Armour
 b - a +0 animal skin
 d - a +0 helmet (worn)
 m - a +0 ring mail
 o - a +0 plate armour
 s - a +0 pair of gloves (worn)
 u - +1 fire dragon scales (worn)
Jewellery
 j - a ring of see invisible (left hand)
Wands
 w - a wand of digging (4)
Scrolls
 i - 4 scrolls of remove curse
 r - a scroll of identify
 t - a scroll of enchant weapon
Potions
 e - 2 potions of haste
 f - a potion of degeneration
 g - a potion of lignification
 h - 2 potions of curing
 k - a potion of flight
 n - 3 potions of brilliance
 q - 2 potions of ambrosia {unknown}
Comestibles
 c - 18 rations


   Skills:
 * Level 7.5(7.4) Fighting
 - Level 12.0(11.9) Maces & Flails
 - Level 1.5(1.4) Armour
 - Level 1.5(1.4) Dodging
 + Level 7.5(7.3) Stealth


You had 9 spell levels left.
You didn't know any spells.
Your spell library was empty.

Dungeon Overview and Level Annotations

Branches:
Dungeon (8/15)             Temple (0/1) D:6
   Lair: D:8-11

Altars:
Cheibriados
Makhleb
Ru
Wu Jian
Yredelemnul

Shops:
D:6 %


Innate Abilities, Weirdness & Mutations

You cannot wear boots.
Your serpentine skin is tough. (AC +3)
You have supernaturally acute eyesight. (SInv)
Armour fits poorly on your strangely shaped body.
Your system is resistant to poisons. (rPois)
You cover ground very slowly.
You have a slow metabolism.
You can spit poison.


Message History

Things that are here:
a +0 giant club; an ogre corpse You closely miss the white ugly thing.
You are no longer berserk.
You are exhausted.
You feel yourself slow down.
Okay, then.
You feel yourself speed up. The white ugly thing headbutts you!
* * * LOW HITPOINT WARNING * * *
The white ugly thing freezes you!!
You feel a terrible chill!
* * * LOW HITPOINT WARNING * * *
The white ugly thing completely misses you.
Okay, then.
It was a potion of heal wounds.
You feel much better.
The white ugly thing headbutts you but does no damage.
Okay, then.
You feel much better. The white ugly thing headbutts you!
* * * LOW HITPOINT WARNING * * *
The white ugly thing freezes you!!!
You feel a terrible chill!
You die...

>........#.#
#.....##..##
.##.#.#..#.#
###.###.# ..
.##.#..#.. ...
#.###.# .. ......##
###.###.....# ##
##.##.##
#.....##### ..#
##...## .#
###.....####
.######.†..........
.......@††....#####
....##u..#...## .#
#o#.###.## .W##.#
### ..Z ... ..#.
#..# # . #..# #.
...#


You could see a white ugly thing, a hungry ghost, an orc and a jackal skeleton.

Vanquished Creatures
  2 hippogriffs (D:7)
  A vampire (D:7)
  4 hogs (D:7)
  Eustachio (D:6)
  A human (D:7)
  A steam dragon (D:8)
  2 ice beasts
  A phantom (D:6)
  7 ogres
  2 centaurs (D:6)
  Blork the orc (D:6)
  4 bullfrogs
  8 wights (D:7)
  A howler monkey (D:5)
  5 crimson imps
  A bullfrog zombie (D:6)
  A quasit (D:5)
  6 hounds
  A jelly (D:5)
  A bullfrog skeleton (D:4)
  7 orc wizards
  Ijyb (D:4)
  Terence (D:3)
  2 worker ants (D:4)
  A hound skeleton (D:7)
  2 worker ant zombies
  A howler monkey skeleton (D:7)
  4 gnolls (D:4)
  10 adders
  An ooze (D:6)
  An adder zombie (D:5)
  2 worms
  4 dart slugs
  5 leopard geckos
  12 orcs
  8 bats
  6 giant cockroaches
  8 goblins
  5 hobgoblins
  11 jackals
  4 quokkas
  A ball python (D:5)
  7 frilled lizards
  7 kobolds
  6 rats
168 creatures vanquished.

Notes
Turn   | Place    | Note
-------+----------+-------------------------------------------
     0 | D:1      | theswoord the Naga Berserker began the quest for the Orb.
     0 | D:1      | Reached XP level 1. HP: 21/21 MP: 1/1
   114 | D:1      | Reached XP level 2. HP: 10/28 MP: 2/2
   752 | D:1      | Reached skill level 4 in Maces & Flails
   868 | D:1      | Reached XP level 3. HP: 34/34 MP: 3/3
  1008 | D:2      | Reached ** piety under Trog
  1213 | D:2      | Reached XP level 4. HP: 37/42 MP: 4/4
  1400 | D:2      | Reached skill level 5 in Maces & Flails
  1602 | D:3      | Noticed an ogre
  1607 | D:3      | Killed an ogre
  1607 | D:3      | Reached XP level 5. HP: 49/49 MP: 5/5
  1728 | D:3      | Reached skill level 6 in Maces & Flails
  1731 | D:3      | Noticed Terence
  1739 | D:3      | Killed Terence
  1972 | D:3      | Found a snail-covered altar of Cheibriados.
  2387 | D:3      | Found a burning altar of Makhleb.
  2403 | D:3      | Reached XP level 6. HP: 55/56 MP: 6/6
  2683 | D:4      | Noticed Ijyb
  2690 | D:4      | Killed Ijyb
  2690 | D:4      | Reached skill level 7 in Maces & Flails
  3071 | D:4      | Reached XP level 7. HP: 47/62 MP: 7/7
  3242 | D:4      | Reached *** piety under Trog
  3242 | D:4      | Reached skill level 8 in Maces & Flails
  4098 | D:4      | Reached skill level 9 in Maces & Flails
  4550 | D:5      | Entered Level 5 of the Dungeon
  4561 | D:5      | Reached XP level 8. HP: 69/69 MP: 8/8
  4803 | D:5      | Found a sacrificial altar of Ru.
  5012 | D:5      | Reached skill level 10 in Maces & Flails
  5526 | D:6      | Found Lischiz's Food Shoppe.
  5602 | D:6      | Found a staircase to the Ecumenical Temple.
  5617 | D:6      | Reached skill level 11 in Maces & Flails
  5933 | D:6      | Noticed Blork the orc
  5952 | D:6      | Killed Blork the orc
  6042 | D:6      | Noticed Eustachio
  6056 | D:6      | Killed Eustachio
  6056 | D:6      | Reached XP level 9. HP: 75/75 MP: 9/9
  6644 | D:6      | Found a basalt altar of Yredelemnul.
  6931 | D:7      | Reached skill level 12 in Maces & Flails
  7243 | D:7      | Reached skill level 1 in Stealth
  7281 | D:7      | Found an ornate altar of the Wu Jian Council.
  7626 | D:7      | Reached skill level 5 in Fighting
  7634 | D:7      | Reached skill level 5 in Stealth
  7647 | D:7      | Reached XP level 10. HP: 92/92 MP: 10/10
  7977 | D:7      | Reached **** piety under Trog
  8243 | D:8      | Noticed a white ugly thing
  8257 | D:8      | HP: 4/94 [white ugly thing (25)]
  8259 | D:8      | Slain by a white ugly thing

Skill      XL: |  1  2  3  4  5  6  7  8  9 10 |
---------------+-------------------------------+-----
Maces & Flails | 4 5 6 7 9 11 12 | 12.0
Stealth        | 5 7 |  7.5
Fighting       | 6 7 |  7.5
Armour         | |  1.5
Dodging        | |  1.5

Action                   |  1- 3 |  4- 6 |  7- 9 | 10-12 || total
-------------------------+-------+-------+-------+-------++-------
Melee: Mace              |    41 |       |       |       ||    41
       Whip              |    84 |   203 |   417 |   103 ||   807
Invok: Berserk           |     1 |     6 |    12 |     4 ||    23
       Trog's Hand       |       |       |     1 |       ||     1
 Abil: Spit Poison       |     1 |     3 |    10 |     1 ||    15
  Use: Scroll            |     3 |     1 |    10 |       ||    14
       Potion            |       |       |     1 |     3 ||     4
 Stab: Sleeping          |     1 |       |       |       ||     1
       Paralysed         |       |       |     2 |       ||     2
  Eat: Chunk             |     1 |    10 |    21 |     4 ||    36
       Ration            |       |       |     1 |       ||     1
Armor: Animal skin       |    15 |       |       |       ||    15
       Ring mail         |    11 |       |       |       ||    11
       Plate armour      |    35 |   179 |    11 |       ||   225
       Fire dragon scale |       |       |   183 |    30 ||   213
Dodge: Dodged            |    59 |    56 |   109 |    21 ||   245

Levels and vault maps discovered:
D:1:      dpeg_arrival_central, layout_rooms
D:2:      layout_loops_cross
D:3:      layout_loops_ring, lemuel_crystal_altar, makhleb_heckhound_becter,
          serial_glass, glass_columns_c, glass_columns_c, first_ration,
          uniq_terence
D:4:      layout_layer_cave, kennysheep_generic_room_14, uniq_ijyb
D:5:      layout_basic, nicolae_ru_great_annihilating_truth
D:6:      layout_loops_ring, kennysheep_mini_moat,
          minmay_temple_entry_gardened_gates, serial_shops, nicolae_shop_stone,
          uniq_eustachio, uniq_blork_the_orc
D:7:      layout_cave_pools, marbit_many_paths, grunt_livestock
D:8:      layout_loops_ring, old_standard_altar, minmay_pinched_square
